 Dungeon Crawl Stone Soup version 0.29-a0-119-g4040846114 (webtiles) character file.

Game seed: 17979403248388500076

2209 drugrobin the Placeless Demigod (level 8, -2/60 HPs)
             Began as a Demigod Warper on Feb 20, 2022.
             Slain by an unseen horror (3 damage)
             ... on level 5 of the Dungeon.
             The game lasted 00:25:10 (8941 turns).

drugrobin the Placeless Demigod (Demigod Warper)    Turns: 8941, Time: 00:25:11

Health: -2/60      AC:  7    Str: 20    XL:     8   Next: 89%
Magic:  13/13      EV: 11    Int: 15    God:
Gold:   167        SH:  0    Dex: 13    Spells: 0/10 levels left

rFire   + . .      SeeInvis .   c - +2 dagger (venom)
rCold   . . .      Faith    .   (no shield)
rNeg    . . .      Spirit   .   G - +3 leather armour {rF+}
rPois   .          Reflect  .   (no helmet)
rElec   .          Harm     .   l - +0 cloak
rCorr   .          Rampage  .   (no gloves)
Will    +....                   (no boots)
Stlth   +.........              (no amulet)
HPRegen 0.20/turn               s - +4 ring of slaying
MPRegen 0.13/turn               w - ring of willpower

@: no status effects
A: high MP 1, forlorn, divine attributes
a: no special abilities


You were on level 5 of the Dungeon.
You visited 1 branch of the dungeon, and saw 5 of its levels.

You collected 348 gold pieces.
You spent 181 gold pieces at shops.

Inventory:

Hand Weapons
 a - a +0 trident
 b - a +0 hand crossbow
 c - a +2 dagger of venom (weapon)
 d - a +4 war axe of freezing
 q - a +0 spear
Missiles
 f - 85 arrows
 h - 90 stones
 m - 73 bolts
 B - 2 silver boomerangs (quivered)
 C - 3 boomerangs of dispersal
 I - 2 poisoned darts
 L - a throwing net
 M - 2 javelins
Armour
 l - a +0 cloak (worn)
 r - a +1 scale mail of poison resistance
 G - a +3 leather armour of fire resistance (worn)
 K - a +0 pair of gloves
Magical Staves
 E - a staff of death
Jewellery
 s - a +4 ring of slaying (left hand)
 w - a ring of willpower (right hand)
Scrolls
 e - 9 scrolls of identify
 g - 3 scrolls of teleportation {unknown}
 j - a scroll of immolation {unknown}
 k - a scroll of amnesia {unknown}
 o - 3 scrolls of magic mapping
 u - 2 scrolls of vulnerability {unknown}
 v - a scroll of torment {unknown}
 y - a scroll of fog {unknown}
 H - 2 scrolls of summoning
 J - a scroll of fear {unknown}
Potions
 i - a potion of magic {unknown}
 n - a potion of cancellation {unknown}
 p - 4 potions of flight
 t - 3 potions of curing {unknown}
 x - a potion of attraction {unknown}
 z - a potion of lignification {unknown}
 D - a potion of invisibility
 F - 2 potions of degeneration {unknown}


   Skills:
 - Level 1.7 Fighting
 + Level 7.1 Polearms
 - Level 0.8 Throwing
 - Level 0.8 Armour
 - Level 1.7 Dodging
 - Level 1.7 Spellcasting
 + Level 0.8 Conjurations
 + Level 9.1 Translocations


You couldn't memorise any spells.
You knew the following spells:

 Your Spells              Type           Power      Damage    Failure   Level
a - Blink                 Tloc           56%        N/A       1%          2
b - Teleport Other        Tloc           28%        N/A       1%          3
c - Fireball              Conj/Fire      1%         3d3       99%         5

Your spell library contained the following spells:

 Spells                   Type           Power      Damage    Failure   Level
 Gell's Gravitas          Tloc           28%        N/A       1%          3
 Lesser Beckoning         Tloc           28%        N/A       1%          3
 Manifold Assault         Tloc           28%        N/A       19%         5
 Iskenderun's Battlesphe  Conj           3%         2d6       99%         5
 Conjure Ball Lightning   Conj/Air       1%         3x3d6     100%        6
 Orb of Destruction       Conj           1%         9d5       100%        7
 Storm Form               Tmut/Air       0%         N/A       100%        7


Dungeon Overview and Level Annotations

Branches:
Dungeon (5/15)             Temple (0/1) D:4

Shops:
D:5 ?

Annotations:
D:4 Grinder


Innate Abilities, Weirdness & Mutations

You have an increased reservoir of magic. (+10% MP)
You shall have no god before yourself.
Your divine heritage dramatically boosts your attributes as you level up.


Message History

Something hits you but does no damage.
You hit something. Something hits you. Something barely misses you.
Unknown command.
Unknown command.
Your +2 dagger of venom begins to drip with poison!
c - a +2 dagger of venom (weapon)
Something hits you but does no damage. Something hits you.
Things that are here:
a +0 scale mail; a staff of air Something completely misses you.
Something hits you.
Things that are here:
a +0 scale mail; a staff of air Something hits you but does no damage.
You swing at nothing.
Something hits you.
You swing at nothing.
Something hits you.
You closely miss something. Something hits you!
You swing at nothing.
Something barely misses you.
You swing at nothing.
Something hits you but does no damage.
You swing at nothing.
Something hits you!
* * * LOW HITPOINT WARNING * * *
Something completely misses you.
Unknown command.
Something hits you.
* * * LOW HITPOINT WARNING * * *
Something hits you!
* * * LOW HITPOINT WARNING * * *
Unknown command.
Unknown command.
Okay, then.
Unknown command.
Blink to where?
Press: ? - help, Dir - move target
As you read the scroll of blinking, it crumbles to dust.
As you read the scroll labelled KEPHOG OSAPLEIL, it crumbles to dust.
It is a scroll of identify.
p - 4 potions of flight Something hits you.
You die...

....#.###.###.# #.# ##### ....#.#
#.# #.# #.# ##.... ....#.# #.#
#.#######.# ##.)... ....#.# #.#
#......<..#####...##. ....#.# #.#
#.#######........#### ......###.#
#.# ##........####
..........##########..#####...##.
##....#####..##..#....# ##.....
##.#..[###..##.@###..# ##....
#.##.##?[##ยง.##.#.#.# #####
#...###$)##..##.#...#
####.##########.#.###
####....####.### #.####....##
#### #.# ######### #... #.#
#..'....# #... #.####..#.88.#
#..#


There were no monsters in sight!

Vanquished Creatures
  Pikel (D:4)
  Edmund (D:5)
  3 sky beasts
  A black bear (D:5)
  An ogre (D:5)
  A lemure (D:3)
  Blork the orc (D:3)
  2 phantoms (D:5)
  A bullfrog (D:4)
  2 scorpions
  4 wights
  A howler monkey (D:5)
  2 orc priests
  A jelly (D:5)
  A gnoll shaman (D:3)
  An orc wizard (D:5)
  A scorpion zombie (D:5)
  Natasha (thrice) (D:3)
  3 iguanas (D:5)
  2 hound skeletons (D:4)
  A hound zombie (D:5)
  7 gnolls
  2 howler monkey skeletons
  A howler monkey zombie (D:5)
  6 adders
  A white imp (D:5)
  A worm (D:2)
  8 orcs
  9 endoplasms
  A giant cockroach (D:3)
  4 goblins
  8 hobgoblins
  5 jackals
  3 quokkas
  8 ball pythons
  5 bats
  5 frilled lizards
  8 kobolds
  3 rats
119 creatures vanquished.

Vanquished Creatures (others)
  4 plants (D:1)
4 creatures vanquished.

Grand Total: 123 creatures vanquished

Notes
Turn   | Place    | Note
-------+----------+-------------------------------------------
     0 | D:1      | drugrobin the Demigod Warper began the quest for the Orb.
     0 | D:1      | Reached XP level 1. HP: 17/17 MP: 5/5
   230 | D:1      | Reached skill level 3 in Translocations
   310 | D:1      | Reached XP level 2. HP: 24/24 MP: 7/7
  1134 | D:2      | Learned a level 2 spell: Blink
  1259 | D:2      | Reached XP level 3. HP: 29/29 MP: 8/8
  1275 | D:2      | Learned a level 3 spell: Teleport Other
  2456 | D:3      | Reached XP level 4. HP: 25/36 MP: 9/9
  3016 | D:3      | Noticed Natasha
  3031 | D:3      | Killed Natasha
  3032 | D:3      | Reached skill level 4 in Translocations
  3528 | D:4      | Found a staircase to the Ecumenical Temple.
  3644 | D:4      | Reached XP level 5. HP: 29/41 MP: 7/10
  4393 | D:4      | Noticed Grinder
  4440 | D:3      | Noticed Natasha
  4449 | D:3      | Killed Natasha
  4456 | D:3      | Noticed Natasha
  4463 | D:3      | Killed Natasha
  4986 | D:4      | Reached XP level 6. HP: 44/48 MP: 11/11
  4989 | D:4      | Noticed Blork the orc
  5034 | D:3      | Reached skill level 5 in Translocations
  5885 | D:4      | Noticed Pikel
  5910 | D:4      | Killed Pikel
  5911 | D:4      | Reached skill level 5 in Polearms
  5911 | D:4      | Reached skill level 6 in Translocations
  5911 | D:4      | Reached XP level 7. HP: 14/53 MP: 9/12
  6262 | D:4      | Reached skill level 7 in Translocations
  6778 | D:3      | Killed Blork the orc
  6917 | D:5      | Entered Level 5 of the Dungeon
  6924 | D:5      | Found Nash's Magic Scroll Shop.
  6949 | D:4      | Reached XP level 8. HP: 37/60 MP: 13/13
  7228 | D:5      | Bought a scroll of noise for 13 gold pieces
  7228 | D:5      | Bought a scroll of magic mapping for 45 gold pieces
  7228 | D:5      | Bought a scroll of summoning for 123 gold pieces
  7294 | D:5      | Noticed Edmund
  7327 | D:5      | Killed Edmund
  7328 | D:5      | Reached skill level 8 in Translocations
  8250 | D:5      | Reached skill level 9 in Translocations
  8256 | D:5      | Learned a level 5 spell: Fireball
  8939 | D:5      | HP: 1/60 [something (7)]
  8941 | D:5      | Slain by an unseen horror

Illustrated notes

Levels and vault maps discovered:
D:1:      dpeg_arrival_shrine, layout_loops_cross, nrook_mini_backslash,
          serial_bayou_lake_a
D:2:      layout_loops_ring
D:3:      layout_basic, uniq_natasha
D:4:      kennysheep_spiral_hall, layout_basic,
          mainiacjoe_overflow_surrounded_room, minmay_temple_entry_offerings,
          saegor_snake_ambush, uniq_blork_the_orc, uniq_grinder, uniq_pikel
D:5:      minmay_chambers_of_fours, layout_loops_ring,
          amethyst_overflow_temple_binary, serial_shops, shop,
          minmay_misc_feat_encased, nicolae_sextant, uniq_edmund

Skill      XL: |  1  2  3  4  5  6  7  8 |
---------------+-------------------------+-----
Polearms       | 2 3 4 5 6 7 |  7.1
Translocations | 3 4 6 7 9 |  9.1
Fighting       | |  1.7
Throwing       | |  0.8
Armour         | |  0.8
Dodging        | |  1.7
Spellcasting   | |  1.7
Conjurations   | |  0.8

Action                   |  1- 3 |  4- 6 |  7- 9 || total
-------------------------+-------+-------+-------++-------
Melee: Spear             |   100 |       |       ||   100
       Punch             |     3 |     2 |     4 ||     9
       Trident           |    59 |   155 |    60 ||   274
       Dagger            |       |       |    53 ||    53
       War axe           |       |       |    14 ||    14
 Fire: Hand crossbow     |       |       |     9 ||     9
Throw: Stone             |    33 |    20 |    16 ||    69
       Boomerang         |     1 |     1 |     2 ||     4
       Dart              |       |     2 |     3 ||     5
       Throwing net      |       |       |     1 ||     1
 Cast: Blink             |     1 |    19 |     8 ||    28
       Teleport Other    |       |     3 |     4 ||     7
  Use: Scroll            |       |       |     2 ||     2
 Stab: Sleeping          |     2 |     1 |       ||     3
Armor: Leather armour    |    10 |    23 |    45 ||    78
       Scale mail        |    16 |    22 |       ||    38
Dodge: Dodged            |    65 |    67 |    56 ||   188

Table legend: (Time is in decaauts)
 A = Elapsed time spent in this place.
 B = Non-inter-level travel time spent in this place.
 C = Inter-level travel time spent in this place.
 D = Time resting spent in this place.
 E = Time spent auto-exploring this place.
 F = Levels seen in this place.
 G = Mean time per level.
                   A        B        C        D        E       F      G
               +--------+--------+--------+--------+--------+-----+--------+
         Total |   9049 |   8602 |    447 |   1924 |   4438 |   5 | 1809.8 |
       Dungeon |   9049 |   8602 |    447 |   1924 |   4438 |   5 | 1809.8 |
               +--------+--------+--------+--------+--------+-----+--------+

Top non-repeatable levels by time:
     D:3: 2588 daAuts
     D:4: 2340 daAuts
     D:5: 1750 daAuts
     D:2: 1228 daAuts
     D:1: 1142 daAuts
